 Dungeon Crawl Stone Soup version 0.27-a0-1090-gb115f176c6 (webtiles) character file.

Game seed: 9085524192989479777

6 snetch the Chopper (level 1, -2/20 HPs)
             Began as a Minotaur Berserker on Apr 27, 2021.
             Was a Follower of Trog.
             Slain by a kobold
             ... wielding a +1 short sword of distortion
              (12 damage)
             ... on level 2 of the Dungeon.
             The game lasted 00:00:27 (113 turns).

snetch the Chopper (Minotaur Berserker)              Turns: 113, Time: 00:00:28

Health: -2/20      AC:  2    Str: 21    XL:     1   Next: 75%
Magic:  0/0        EV: 12    Int:  4    God:    Trog [*.....]
Gold:   0          SH:  0    Dex:  9    Spells: 0/0 levels left

rFire    . . .     SeeInvis .   a - +0 hand axe
rCold    . . .     Faith    .   (no shield)
rNeg     . . .     Spirit   .   b - +0 animal skin
rPois    .         Reflect  .   (helmet restricted)
rElec    .         Harm     .   (no cloak)
rCorr    .         Rampage  .   (no gloves)
Will     .....                  (no boots)
Stlth    +.........             (no amulet)
HPRegen  0.06/turn              (no ring)
MPRegen  0.07/turn              (no ring)

@: no status effects
A: horns 2, retaliatory headbutt
a: Renounce Religion, Berserk


You were on level 2 of the Dungeon.
You worshipped Trog.
Trog was aware of your devotion.
You visited 1 branch of the dungeon, and saw 3 of its levels.

Inventory:

Hand Weapons
 a - a +0 hand axe (weapon)
Missiles
 c - 24 arrows
Armour
 b - a +0 animal skin (worn)
Scrolls
 d - a scroll of enchant weapon {unknown}
 f - a scroll of blinking {unknown}
 g - a scroll of teleportation {unknown}
Potions
 e - a potion of brilliance {unknown}


   Skills:
 + Level 3.6 Fighting
 + Level 4.0 Axes
 + Level 2.4 Armour
 + Level 2.3 Dodging


You couldn't memorise any spells.
You didn't know any spells.
Your spell library was empty.

Dungeon Overview and Level Annotations

Branches:
Dungeon (3/15)

Altars:

Shops:
D:3 :


Innate Abilities, Weirdness & Mutations

You have a pair of horns on your head.
You reflexively headbutt those who attack you in melee.


Message History

g - a scroll labelled OKLEITTA UNUFE
There is an entrance to Resysm's Book Shoppe here.
There is a fountain of clear blue water here.
There is a stone staircase leading up here.
You climb upwards.
There is a stone staircase leading down here.
You open the door. You open the door.
There is an open door here.
A hobgoblin comes into view.
The hobgoblin shouts!
Found 2 gold pieces.
You hit the hobgoblin but do no damage. Your headbutt misses the hobgoblin.
The hobgoblin hits you.
A kobold comes into view.
It is wielding a +1 short sword of distortion.
The hobgoblin closely misses you.
The kobold shouts!
You hit the hobgoblin. Your headbutt misses the hobgoblin.
The hobgoblin is heavily wounded.
The hobgoblin hits you.
You hit the hobgoblin but do no damage.
The hobgoblin is heavily wounded.
The hobgoblin hits you.
You barely miss the hobgoblin.
The hobgoblin is heavily wounded.
The hobgoblin hits you.
You barely miss the hobgoblin. You headbutt the hobgoblin.
You kill the hobgoblin!
Trog accepts your kill.
Your Axes skill increases to level 4!
You barely miss the kobold. You headbutt the kobold.
The kobold is moderately wounded.
The kobold hits you but does no damage.
Unknown command.
You closely miss the kobold.
The kobold is moderately wounded.
The kobold hits you with a +1 short sword of distortion.
Space warps horribly around you!
Ouch! That really hurt!
You die...

....#.# #....†....
....#.. #.........
...#.#####......... # #
.........>........ #.#.
#.......[....##.#
#...###................
#$.#.............####
###...#...........#
#...K@..##'#.####.#
#......#####.#.# .#
############.#.# .#
#.........#
#.........####
#.........'..#
#.........##.#
#######......# ########


You could see a kobold.

Vanquished Creatures
  3 bats (D:2)
  2 hobgoblins
  A rat (D:2)
6 creatures vanquished.

Notes
Turn   | Place    | Note
-------+----------+-------------------------------------------
     0 | D:1      | snetch the Minotaur Berserker began the quest for the Orb.
     0 | D:1      | Reached XP level 1. HP: 19/19 MP: 0/0
    61 | D:3      | Found Resysm's Book Shoppe.
   112 | D:2      | Reached skill level 4 in Axes
   113 | D:2      | Slain by a kobold

Illustrated notes

Levels and vault maps discovered:
D:1:      heliophobic_arrival_battle_scene, layout_loops_ring,
          minmay_rat_gold_closets
D:2:      layout_basic, hellmonk_ecumenical_altar_zigzags,
          minmay_misc_feat_four_crosses, minmay_pentomino_r2
D:3:      layout_loops_cross, lemuel_coloured_pillars_altar, serial_shops,
          shop_fountains, corexii_leaking_fountain, minmay_circle_x

Skill      XL: |  1 |
---------------+----+-----
Axes           | 4 |  4.0
Fighting       | |  3.6
Armour         | |  2.4
Dodging        | |  2.3

Action                   || total
-------------------------++-------
Melee: Hand axe          ||    13
       Headbutt          ||     2
Armor: Animal skin       ||     3
Dodge: Dodged            ||     9

Table legend: (Time is in decaauts)
 A = Elapsed time spent in this place.
 B = Non-inter-level travel time spent in this place.
 C = Inter-level travel time spent in this place.
 D = Time resting spent in this place.
 E = Time spent auto-exploring this place.
 F = Levels seen in this place.
 G = Mean time per level.
                   A        B        C        D        E       F      G
               +--------+--------+--------+--------+--------+-----+--------+
         Total |    114 |    110 |      4 |      0 |     57 |   3 |   38.0 |
       Dungeon |    114 |    110 |      4 |      0 |     57 |   3 |   38.0 |
               +--------+--------+--------+--------+--------+-----+--------+

Top non-repeatable levels by time:
     D:2: 89 daAuts
     D:3: 17 daAuts
     D:1: 8 daAuts
